 Dungeon Crawl Stone Soup version 0.30.0-29-ga12c61a403 (webtiles) character file.

Game seed: 17953752761603266467

18 Chilbo the Digger (level 2, 0/19 HPs)
             Began as a Vampire Earth Elementalist on June 12, 2023.
             Slain by an endoplasm (1 damage)
             ... on level 2 of the Dungeon.
             The game lasted 00:05:17 (698 turns).

Chilbo the Digger (Vampire Earth Elementalist)       Turns: 698, Time: 00:05:18

Health: 0/19       AC:  2    Str:  7    XL:     2   Next: 51%
Magic:  4/5        EV: 12    Int: 17    God:
Gold:   81         SH:  0    Dex: 14    Spells: 4/5 levels left

rFire   . . .        d - +3 war axe
rCold   . . .        (no shield)
rNeg    . . .        a - +0 robe
rPois   .            (no helmet)
rElec   .            (no cloak)
rCorr   .            (no gloves)
SInv    +            (no boots)
Will    .....        (no amulet)
Stlth   ++           (no ring)
HPRegen 0.43/turn    (no ring)
MPRegen 0.09/turn

%: no passive effects
@: healing quickly
A: alive, fangs 3, see invisible, vampiric 1
a: Exsanguinate


You were on level 2 of the Dungeon.
You visited 1 branch of the dungeon, and saw 2 of its levels.

You collected 81 gold pieces.

Inventory:

Hand Weapons
 c - a +0 dagger
 d - a +3 war axe (weapon)
Missiles
 i - 4 poisoned darts
Armour
 a - a +0 robe (worn)
Scrolls
 g - a scroll of teleportation {unknown}
 h - 2 scrolls of identify {unknown}
Potions
 b - a potion of magic
 e - a potion of curing {unknown}
 f - 2 potions of brilliance {unknown}


   Skills:
 - Level 2.3 Dodging
 - Level 3.2 Stealth
 - Level 2.1 Spellcasting
 - Level 1.4 Transmutations
 + Level 3.4 Earth Magic


You had 4 spell levels left.
You knew the following spells:

 Your Spells              Type           Power      Damage    Failure   Level
a - Sandblast             Erth           26%        2d8       4%          1

Your spell library contained the following spells:

 Spells                   Type           Power      Damage    Failure   Level
 Passwall                 Tmut/Erth      8%         N/A       11%         2
 Stone Arrow              Conj/Erth      14%        3d7       28%         3
 Volatile Blastmotes      Fire/Tloc      2%         2d10      50%         3
 Petrify                  Tmut/Erth      10%        N/A       56%         4
 Fulminant Prism          Conj/Hex       0%         3d5       88%         4
 Iskenderun's Mystic Bla  Conj/Tloc      1%         2d3       88%         4
 Lee's Rapid Deconstruct  Erth           6%         3d6*      77%         5


Dungeon Overview and Level Annotations

Branches:
Dungeon (2/15)

Altars:


Innate Abilities, Weirdness & Mutations

Your natural rate of healing is accelerated.
You have razor-sharp teeth.
You have supernaturally acute eyesight. (SInv)
You are afflicted with vampirism.


Message History

The giant cockroach barely misses you. The quokka misses you.
The giant cockroach bites you but does no damage.
You hit the giant cockroach.
You punch the giant cockroach, but do no damage.
You bite the giant cockroach.
The giant cockroach is almost dead.
You barely miss the quokka. The quokka bites you.
The giant cockroach barely misses you.
You closely miss the giant cockroach.
The giant cockroach is almost dead.
You hit the endoplasm but do no damage. You hit the quokka but do no damage.
The quokka closely misses you. The giant cockroach barely misses you.
The giant cockroach closely misses you. The quokka bites you.
The endoplasm hits you.
You hit the giant cockroach but do no damage.
The giant cockroach is almost dead.
You barely miss the endoplasm. You closely miss the quokka.
The quokka bites you. The giant cockroach bites you.
The endoplasm barely misses you. The giant cockroach bites you.
The quokka barely misses you. The endoplasm closely misses you.
You hit the giant cockroach but do no damage.
The giant cockroach is almost dead.
You barely miss the endoplasm. You closely miss the quokka.
The quokka bites you but does no damage.
The giant cockroach misses you. The endoplasm hits you.
The giant cockroach barely misses you. The quokka barely misses you.
Casting: Sandblast (safe; 4% risk of failure)
Confirm with . or Enter, or press ? or * to list all spells.
Aiming: Sandblast (safe; 4% risk of failure)
Press: ? - help, Shift-Dir - straight line, f - endoplasm
Aim: an endoplasm (98% to hit)
The blast of sand hits the endoplasm.
The endoplasm is lightly wounded.
The endoplasm freezes you.
You are frozen.
* * * LOW HITPOINT WARNING * * *
The quokka bites you.
* * * LOW HITPOINT WARNING * * *
The giant cockroach misses you. The endoplasm hits you.
You die...

.# #......b....
..##............ ...
...............# ...
#............#.#...
..................
.............##.#
................#
.......<...J.r#
.!.........B@.#
...........#........
...........##...###.
..>........# ##..#
...........# ....
...........# ?##.
##.######..# . ..
##.. #.


You could see an endoplasm, a quokka and a giant cockroach.

Vanquished Creatures
  A dart slug (D:2)
  3 bats (D:1)
  A goblin (D:1)
  3 quokkas (D:1)
  A ball python (D:1)
  A frilled lizard (D:1)
  4 kobolds (D:1)
  2 rats
16 creatures vanquished.

Notes
Turn   | Place    | Note
-------+----------+-------------------------------------------
     0 | D:1      | Chilbo the Vampire Earth Elementalist began the quest for
                  | the Orb.
     0 | D:1      | Reached XP level 1. HP: 13/13 MP: 3/3
    29 | D:1      | Found a faded altar of an unknown god.
   196 | D:1      | Reached XP level 2. HP: 19/19 MP: 5/5
   698 | D:2      | Slain by an endoplasm

Illustrated notes

Levels and vault maps discovered:
D:1:      onia_arrival_pentagram, layout_loops_ring,
          ebering_ecumenical_altar_sacrificial, hex_medium, nicolae_titane
D:2:      minmay_wonky_spiral, layout_rooms, uniq_jessica

Action                     || total
---------------------------++-------
  Melee: Dagger            ||     8
         War axe           ||    29
         Bite              ||     2
         Punch             ||     1
   Cast: Sandblast         ||     3
   Stab: Sleeping          ||     4
 Armour: Robe              ||     9
  Dodge: Dodged            ||    36
